 Dungeon Crawl Stone Soup version 0.28.0-53-g5a82cb258f (webtiles) character file.

Game seed: 16710165432962669959

2976 Shubert the Spear-Bearer (level 9, -3/73 HPs)
             Began as a Merfolk Gladiator on May 21, 2022.
             Was an Initiate of the Shining One.
             Slain by Duvessa
             ... wielding a +0 short sword
              (6 damage)
             ... on level 6 of the Dungeon.
             The game lasted 01:19:54 (5621 turns).

Shubert the Spear-Bearer (Merfolk Gladiator)        Turns: 5621, Time: 01:19:55

Health: -3/73      AC:  6    Str: 16    XL:     9   Next: 82%
Magic:  14/14      EV: 16    Int: 10    God:    the Shining One [......]
Gold:   340        SH:  0    Dex: 15    Spells: 14/15 levels left

rFire   + . .      SeeInvis +   l - +0 halberd
rCold   . . .      Faith    .   (shield currently unavailable)
rNeg    . . .      Spirit   .   b - +1 leather armour
rPois   .          Reflect  .   c - +0 helmet
rElec   .          Harm     .   (no cloak)
rCorr   .          Rampage  .   (no gloves)
Will    .....                   k - +0 pair of boots
Stlth   +.........              o - amulet of regeneration
HPRegen 1.02/turn               i - ring of see invisible
MPRegen 0.14/turn               m - ring of protection from fire

@: glowing
A: (nimble swimmer 2), mertail
a: Renounce Religion


You were on level 6 of the Dungeon.
You worshipped the Shining One.
The Shining One was noncommittal.
You visited 2 branches of the dungeon, and saw 9 of its levels.

You collected 340 gold pieces.

Inventory:

Hand Weapons
 a - a +0 trident
 g - a +0 whip of electrocution
 h - a +0 spear
 l - a +0 halberd (weapon)
Armour
 b - a +1 leather armour (worn)
 c - a +0 helmet (worn)
 k - a +0 pair of boots (worn)
 w - a +0 robe of positive energy
Jewellery
 i - a ring of see invisible (left hand)
 m - a ring of protection from fire (right hand)
 o - an amulet of regeneration (around neck)
Wands
 n - a wand of iceblast (7)
 p - a wand of flame (23)
 v - a wand of polymorph (14)
Scrolls
 d - a scroll of fear {unknown}
 j - a scroll of enchant weapon {unknown}
 q - 2 scrolls of immolation
 r - 2 scrolls of enchant armour
Potions
 e - 3 potions of curing
 f - a potion of might
 s - a potion of cancellation {unknown}
 t - a potion of berserk rage


   Skills:
 * Level 7.7 Fighting
 * Level 10.5 Polearms
 - Level 2.0 Throwing
 * Level 9.7 Dodging
 - Level 3.0 Stealth
 + Level 3.6 Spellcasting
 + Level 4.0 Ice Magic


You had 14 spell levels left.
You knew the following spells:

 Your Spells              Type           Power      Damage    Failure   Level
a - Freeze                Ice            36%        1d6       6%          1

Your spell library contained the following spells:

 Spells                   Type           Power      Damage    Failure   Level
 Frozen Ramparts          Ice            18%        1d3       19%         3
 Blink                    Tloc           2%         N/A       45%         2
 Hailstorm                Conj/Ice       5%         3d4       80%         4
 Manifold Assault         Tloc           1%         N/A       100%        5
 Storm Form               Tmut/Air       0%         N/A       100%        7


Dungeon Overview and Level Annotations

Branches:
Dungeon (8/15)             Temple (1/1) D:4
   Lair: D:8-11

Altars:
Ashenzari
Cheibriados
Elyvilon
Fedhas
Hepliaklqana
Kikubaaqudgha
Makhleb
Nemelex Xobeh
Okawaru
Qazlal
Ru
Sif Muna
Trog
Uskayaw
Vehumet
Wu Jian
Xom
Yredelemnul
Zin
The Shining One

Shops:
D:3 (   D:4 *

Annotations:
D:6 Duvessa
D:7 Joseph


Innate Abilities, Weirdness & Mutations

((You are very nimble when in or above water. (Stealth+, EV+, Speed+++)))
Your lower body shifts to a powerful aquatic tail in water.


Message History

Your Ice Magic skill increases to level 4!
Duvessa barely misses you.
Items here: ! )) [[ ††.
Duvessa closely misses you.
Duvessa hits you with a +0 short sword!!
Duvessa rages.
Duvessa rages.
Duvessa completely misses you.
There is an open door here.
Duvessa barely misses you. Duvessa hits you with a +0 short sword.
Duvessa completely misses you. Duvessa barely misses you.
The centaur shouts!
The centaur shoots an arrow.
The arrow misses you. Duvessa closely misses you.
The centaur shoots an arrow.
The arrow misses you.
The centaur shoots an arrow.
The arrow closely misses you. Duvessa hits you with a +0 short sword!
Duvessa misses you. Duvessa closely misses you.
Duvessa rages.
There is an open door here.
Duvessa hits you with a +0 short sword!
Duvessa rages.
Duvessa barely misses you. Duvessa hits you with a +0 short sword.
You slash Duvessa!
Duvessa is moderately wounded.
Duvessa hits you with a +0 short sword!
* * * LOW HITPOINT WARNING * * *
Duvessa barely misses you.
You hit Duvessa.
Duvessa is moderately wounded.
Duvessa barely misses you.
You slash Duvessa!
Duvessa is heavily wounded.
Duvessa hits you with a +0 short sword!
* * * LOW HITPOINT WARNING * * *
Duvessa hits you with a +0 short sword.
You die...

#># #.######................
#)#####.......##...####.######
#.....'........'c..# #.#
#######.......##...# #.#####.
##########.......##...#
#.##<...
.............#'#.##...#
#.##.###
...............#c##...#
#.......
.....###.......#e##.###
####.### .####....#####.#@##.#
#..... .# #.....# #......#####
#..... .###.....#
#.#.......... #.....
...#....## ###..######....
#..... ##.#....#
#.............. #.....
...#....## #....#####.. .
#....^ .........# #....#
#..... ...#.###.######.#
##'### .....##.......#.######
#....


You could see Duvessa (berserk) and a centaur.

Vanquished Creatures
  Pikel (D:3)
  4 yaks (D:5)
  A steam dragon (D:6)
  A water moccasin (D:3)
  An ice beast (D:6)
  4 ogres
  A sky beast (D:7)
  A necrophage (D:6)
  A centaur (D:5)
  A lemure (D:3)
  A phantom (D:5)
  A bullfrog (D:7)
  A water moccasin zombie (D:5)
  Dowan (D:6)
  A howler monkey (D:5)
  A centaur zombie (D:5)
  A jelly (D:6)
  2 hounds (D:5)
  3 gnoll shamans
  A bullfrog skeleton (D:6)
  2 scorpion zombies (D:5)
  2 killer bee zombies (D:6)
  A hound skeleton (D:5)
  9 adders
  24 gnolls
  A worm (D:2)
  4 dart slugs
  9 orcs
  5 ball pythons
  3 bats
  6 endoplasms
  3 giant cockroaches
  3 goblins
  6 hobgoblins
  4 quokkas
  3 frilled lizards (D:2)
  5 kobolds
  5 rats
124 creatures vanquished.

Notes
Turn   | Place    | Note
-------+----------+-------------------------------------------
     0 | D:1      | Shubert the Merfolk Gladiator began the quest for the Orb.
     0 | D:1      | Reached XP level 1. HP: 16/16 MP: 1/1
   130 | D:1      | Reached XP level 2. HP: 19/23 MP: 2/2
   132 | D:1      | Found a faded altar of an unknown god.
   206 | D:1      | Reached skill level 1 in Stealth
   497 | D:2      | Reached XP level 3. HP: 15/28 MP: 3/3
   628 | D:1      | Reached skill level 5 in Polearms
   967 | D:2      | Reached XP level 4. HP: 34/34 MP: 4/4
  1242 | D:3      | Reached skill level 5 in Dodging
  1327 | D:3      | Found a sacrificial altar of Ru.
  1464 | D:3      | Found Holatz's Weapon Emporium.
  1561 | D:3      | Reached XP level 5. HP: 41/41 MP: 5/5
  1853 | D:4      | Noticed Pikel
  1853 | D:4      | Noticed a lemure
  1853 | D:4      | Noticed a lemure
  1853 | D:4      | Noticed a lemure
  1853 | D:4      | Noticed a lemure
  1965 | D:4      | Found Ohiuz's Assorted Antiques.
  1995 | D:4      | Noticed a water moccasin
  2005 | D:5      | Entered Level 5 of the Dungeon
  2128 | D:5      | Reached skill level 6 in Polearms
  2128 | D:5      | Reached XP level 6. HP: 31/48 MP: 6/6
  2153 | D:5      | Reached skill level 1 in Spellcasting
  2316 | D:5      | Reached XP level 7. HP: 38/55 MP: 8/8
  2435 | D:4      | You fall into a shaft and drop 2 floors!
  2559 | D:6      | Learned a level 1 spell: Freeze
  3138 | D:6      | Reached skill level 7 in Polearms
  3187 | D:6      | Found an iron altar of Okawaru.
  3290 | D:6      | Reached skill level 1 in Ice Magic
  3354 | D:7      | Reached skill level 5 in Fighting
  3472 | D:7      | Reached XP level 8. HP: 62/62 MP: 9/11
  3496 | D:7      | Found a hazy altar of Hepliaklqana.
  3597 | D:7      | Noticed Joseph
  3869 | D:6      | Reached skill level 8 in Polearms
  3990 | D:7      | Noticed Duvessa
  3990 | D:7      | Noticed Dowan
  4227 | D:5      | Noticed a yak
  4227 | D:5      | Noticed a yak
  4227 | D:5      | Noticed a yak
  4227 | D:5      | Noticed a yak
  4275 | D:5      | Killed a yak
  4312 | D:5      | Killed a yak
  4313 | D:5      | Reached skill level 9 in Polearms
  4351 | D:5      | Killed a yak
  4352 | D:5      | Reached XP level 9. HP: 38/71 MP: 13/13
  4526 | D:4      | Found a staircase to the Ecumenical Temple.
  4536 | Temple   | Entered the Ecumenical Temple
  4582 | Temple   | Became a worshipper of the Shining One
  4700 | D:4      | Found an ancient bone altar of Kikubaaqudgha.
  5117 | D:3      | Killed Pikel
  5118 | D:3      | Reached skill level 10 in Polearms
  5588 | D:6      | Killed Dowan
  5621 | D:6      | HP: 3/73 [Duvessa/+0 short sword (15)]
  5621 | D:6      | Slain by Duvessa

Illustrated notes

Levels and vault maps discovered:
D:1:      lemuel_arrival_funnel, layout_basic,
          chequers_ecumenical_altar_simple_redux
D:2:      layout_rooms, minmay_ruptured
D:3:      minmay_evil_eye, layout_loops_ring, nicolae_ru_path_of_blood,
          serial_shops, nicolae_shop_temple_entry_statues_fountains
D:4:      cheibrodos_thug_alley, layout_rooms,
          nicolae_kikubaaqudgha_miasma_corner, minmay_temple_entry_large_hall,
          serial_shops, kennysheep_mini_moat, minmay_box_of_dots, uniq_pikel
D:5:      layout_basic
D:6:      layout_basic, okawaru_gym_becter
D:7:      layout_rooms, nzn_hepliaklqana_mist_gate, uniq_joseph, uniq_harold,
          uniq_duvessa
D:8:      layout_gridville, serial_shops, nicolae_shop_behind_doors
Temple:   nicolae_temple_x_marks_the_god

Skill      XL: |  1  2  3  4  5  6  7  8  9 |
---------------+----------------------------+-----
Stealth        | 1 2 3 |  3.0
Polearms       | 5 6 7 9 10 | 10.5
Fighting       | 3 4 5 6 7 |  7.7
Dodging        | 5 6 7 8 9 |  9.7
Spellcasting   | 1 2 3 |  3.6
Ice Magic      | 1 3 4 |  4.0
Throwing       | |  2.0

Action                   |  1- 3 |  4- 6 |  7- 9 || total
-------------------------+-------+-------+-------++-------
Melee: Trident           |    80 |   212 |   206 ||   498
       Punch             |       |     3 |     7 ||    10
       Halberd           |       |       |   173 ||   173
Throw: Throwing net      |     1 |     4 |     7 ||    12
  Use: Scroll            |     1 |     3 |    11 ||    15
       Potion            |       |       |     5 ||     5
 Stab: Sleeping          |     3 |     2 |     1 ||     6
       Held in net/web   |     1 |     3 |     4 ||     8
Armor: Leather armour    |    10 |    24 |    49 ||    83
Dodge: Dodged            |    34 |    87 |   252 ||   373
